AoeStats
← ARCxxBLaZeX

Arabia

508489371Analyzed
2v2 RM · 10d ago on Sep 22, 2026· 53m 0s· 4 players
Game mode
Random Map
Map size
Medium (4 player)
Population
200
Speed
Normal
Resources
Standard
Victory
Conquest
Starting age
Dark Age
Ending age
Imperial Age
RankedLock teamsTeams togetherTeam positionsShared explorationLock speedFull tech treeHidden civsTurbo modeCheats
Victory
Defeat
🇷🇴 Mongols · Romania
604
+9
🇷🇴 Lithuanians · Romania
535
+12
🇮🇳 Teutons · India
469
-11
🇺🇸 Mapuche · United States
429
-10
Sir_HotBoi
0:59 Loom
13:47 Feudal Age
14:17 Champi Runner
16:13 Horse Collar
16:23 Double-Bit Axe
18:13 Arson
21:03 Forging
20:45 Fletching
27:06 Castle Age
25:36 Scale Mail Armor
25:37 Padded Archer Armor
26:21 Gold Mining
30:39 Wheelbarrow
34:10 Imperial Age
31:38 Champi Warrior
32:33 Elite Skirmisher
34:31 Bow Saw
34:27 Heavy Plow
36:38 Conscription
36:21 Malon
36:40 Bodkin Arrow
38:50 Crop Rotation
38:52 Hand Cart
38:40 Elite Bolas Rider
40:14 Gold Shaft Mining
40:08 Town Watch
42:09 Butalmapu
45:56 Chemistry
44:38 Treadmill Crane
45:20 Ballistics
44:28 Pikeman
46:03 Sappers
47:25 Elite Kona
ARCxxBLaZeX
1:08 Loom
15:21 Feudal Age
15:52 Horse Collar
17:52 Double-Bit Axe
18:00 Gold Mining
20:25 Wheelbarrow
22:45 Man-at-Arms
24:56 Scale Mail Armor
26:06 Stone Mining
31:06 Castle Age
31:58 Bow Saw
32:23 Heavy Plow
34:36 Stone Shaft Mining
34:43 Long Swordsman
35:11 Gambesons
35:31 Padded Archer Armor
35:22 Fletching
35:04 Elite Skirmisher
37:23 Ballistics
37:15 Fortified Wall
36:46 Crossbowman
39:12 Hand Cart
42:50 Leather Archer Armor
42:33 Pikeman
43:14 Squires
48:50 Imperial Age
49:39 Town Watch
49:24 Heavy Scorpion
craciunvladut3
15:45 Feudal Age
14:20 Loom
16:19 Town Watch
16:19 Horse Collar
16:26 Double-Bit Axe
19:15 Wheelbarrow
26:27 Castle Age
26:58 Scale Barding Armor
27:03 Forging
26:53 Scale Mail Armor
27:25 Town Watch
27:58 Hand Cart
27:57 Gold Mining
27:57 Stone Mining
27:35 Light Cavalry
28:26 Bloodlines
28:16 Husbandry
29:08 Iron Casting
28:53 Chain Barding Armor
29:47 Chain Mail Armor
29:52 Chain Barding Armor
35:34 Heavy Plow
45:25 Imperial Age
47:55 Plate Mail Armor
47:51 Elite Steppe Lancer
49:33 Blast Furnace
pinky
6:09 Loom
12:05 Feudal Age
12:39 Double-Bit Axe
12:38 Horse Collar
16:01 Wheelbarrow
21:46 Castle Age
24:03 Bow Saw
23:55 Heavy Plow
24:37 Wheelbarrow
27:38 Gold Mining
31:16 Elite Skirmisher
32:43 Hand Cart
36:48 Imperial Age
35:18 Scale Barding Armor
35:52 Fletching
36:03 Padded Archer Armor
35:57 Stone Mining
38:44 Chain Barding Armor
39:29 Two-Man Saw
39:08 Crop Rotation
39:09 Elite Leitis
40:11 Conscription
42:22 Ballistics
42:04 Murder Holes
44:17 Chemistry
45:00 Tower Shields
45:43 Plate Barding Armor
45:26 Leather Archer Armor
45:07 Bodkin Arrow
48:39 Ring Archer Armor
48:10 Bracer
Connection lost

Rejoining the realm…

Still unreachable

The connection could not be restored.

Session expired

The server has moved on; the page needs a fresh start.